 Dungeon Crawl Stone Soup version 0.24.0-1-gfbc8707122 (console) character file.

Game seed: 8606427060147740172, levelgen mode: deterministic

30 uakci the Magician (level 3, -2/26 HPs)
             Began as a Human Wanderer on Oct 26, 2019.
             Was a Believer of Lugonu.
             Slain by a worm (8 damage)
             ... on level 2 of the Dungeon.
             The game lasted 00:10:31 (1788 turns).

uakci the Magician (Human Wanderer)                 Turns: 1788, Time: 00:10:32

Health: -2/26      AC:  6    Str: 12    XL:     3   Next: 37%
Magic:  5/6        EV: 10    Int: 13    God:    Lugonu [**....]
Gold:   96         SH:  0    Dex: 12    Spells: 2/7 levels left

rFire    . . .     SeeInvis .   a - +0 club
rCold    . . .     Gourm    .   (no shield)
rNeg     . . .     Faith    .   i - +1 ring mail
rPois    .         Spirit   .   (no helmet)
rElec    .         Reflect  .   (no cloak)
rCorr    .         Harm     .   (no gloves)
MR       .....                  (no boots)
Stlth    +.........             (no amulet)
HPRegen  0.08/turn              (no ring)
MPRegen  0.10/turn              (no ring)

@: no status effects
A: no striking features
a: Depart the Abyss, Bend Space, Renounce Religion


You were on level 2 of the Dungeon.
You worshipped Lugonu.
Lugonu was pleased with you.
You were not hungry.

You visited 1 branch of the dungeon, and saw 2 of its levels.

You collected 96 gold pieces.

Inventory:

Hand Weapons
 a - a +0 club (weapon)
 f - a +0 dagger
 j - a +0 dagger
 k - a +0 short sword
Missiles
 b - 16 sling bullets
 c - 67 stones (quivered)
 e - 13 bolts
 l - 7 poisoned darts
Armour
 d - a +0 robe
 i - a +1 ring mail (worn)
Comestibles
 g - a ration


   Skills:
 + Level 1.2 Fighting
 + Level 0.3 Maces & Flails
   Level 1.0 Polearms
 + Level 1.1 Armour
 + Level 0.2 Dodging
 + Level 2.3 Stealth
 + Level 2.5 Spellcasting
 + Level 1.0 Transmutations
 + Level 2.1 Air Magic
   Level 1.0 Evocations


You had 2 spell levels left.
You knew the following spells:

 Your Spells              Type           Power        Failure   Level  Hunger
a - Shock                 Conj/Air       #...         34%         1    #......
b - Sting                 Conj/Pois      #...         50%         1    #......
c - Sandblast             Erth           #.....       50%         1    #......
d - Passwall              Tmut/Erth      #.......     56%         2    ###....

Your spell library contained the following spells:

 Spells                   Type           Power        Failure   Level  Hunger
 Static Discharge         Conj/Air       #.......     71%         3    ###....
 Stone Arrow              Conj/Erth      #.....       86%         3    ###....
 Petrify                  Tmut/Erth      #.......     99%         4    #####..
 Lee's Rapid Deconstruct  Erth           #.........   100%        5    ######.


Dungeon Overview and Level Annotations

Branches:
Dungeon (2/15)

Altars:
Lugonu


Message History

The worm bites you!
You hit the worm.
The worm is lightly wounded.
You hit the worm.
The worm is moderately wounded.
The worm bites you!
* * * LOW HITPOINT WARNING * * *
Cast which spell? (? or * to list)
Aiming: Shock (safe; 34% risk of failure)
Press: ? - help, Shift-Dir - straight line, f - worm
Aim: a worm (moderately wounded)
The zap hits the worm.
The worm is heavily wounded.
The worm barely misses you.
You hit the worm.
The worm is severely wounded.
You hit the worm.
The worm is severely wounded.
The worm bites you!
You die...

##############
#.............
#.#######.....
######.#######.....
#...........##.....
#.###..............
#.# #..#######.#.##
#.# #..# #.#.#
#.###..#######.#.#
#.@w.......<)....#
####..#####.##.#.#
#....... ...#.#
w....# ###.#.##
..##.# #..).# ... #
#..... .... #.....
.##. #.....
..........
.#####...# #...#


You could see a worm.

Vanquished Creatures
  An adder (D:2)
  An ooze (D:2)
  2 giant cockroaches
  4 goblins
  A hobgoblin (D:2)
  A ball python (D:1)
  4 frilled lizards
  3 kobolds (D:1)
  A rat (D:2)
18 creatures vanquished.

Notes
Turn   | Place    | Note
-------+----------+-------------------------------------------
     0 | D:1      | uakci the Human Wanderer began the quest for the Orb.
     0 | D:1      | uakci set off with the following items: a +0 club, a +0
                  | robe, a +0 dagger, a ration; and the following spells
                  | available to memorise: Shock, Sandblast, Sting, Passwall,
                  | Static Discharge, Stone Arrow, Petrify, Lee's Rapid
                  | Deconstruction
     0 | D:1      | Reached XP level 1. HP: 15/15 MP: 3/3
     2 | D:1      | Learned a level 1 spell: Shock
     4 | D:1      | Learned a level 1 spell: Sting
     6 | D:1      | Learned a level 1 spell: Sandblast
   492 | D:1      | Reached XP level 2. HP: 8/21 MP: 5/5
  1444 | D:2      | Found a faded altar of an unknown god.
  1446 | D:2      | Became a worshipper of Lugonu the Unformed
  1446 | D:2      | Reached * piety under Lugonu
  1446 | D:2      | Reached ** piety under Lugonu
  1450 | D:2      | Learned a level 2 spell: Passwall
  1523 | D:2      | Reached skill level 1 in Armour
  1523 | D:2      | Reached XP level 3. HP: 15/26 MP: 6/6
  1788 | D:2      | Slain by a worm

Levels and vault maps discovered:
D:1:      dpeg_arrival_leaves_temple_mockup, layout_loops_ring
D:2:      layout_loops_ring, old_standard_altar,
          chequers_ecumenical_altar_twisty

Skill      XL: |  1  2 |
---------------+-------+-----
Armour         | 1 |  1.1
Fighting       | |  1.2
Maces & Flails | |  0.3
Polearms       | |  1.0
Dodging        | |  0.2
Stealth        | |  2.3
Spellcasting   | |  2.5
Transmutations | |  1.0
Air Magic      | |  2.1
Evocations     | |  1.0

Action                   || total
-------------------------++-------
Melee: Club              ||   127
 Cast: Shock             ||     1
  Use: Scroll            ||     4
       Potion            ||     1
  Eat: Ration            ||     1
Armor: Ring mail         ||    63
Dodge: Dodged            ||    66
